3AA
BELVEDERE PARK RAWHIDES @ OTTAWA NATIONALS
09/04/2021
 
TOP OF THE 1ST
Belvedere Park Rawhides batting - Pitching for Ottawa Nationals : RHP Júlio Villegas
Pitching: RHP Júlio Villegas
Batting: RHB Enrique Pimentel 0-0: Called Strike
0-1: Foul Ball, location: 2F
0-2: Foul Ball, location: 2F
0-2: Fly out, F9 (Popup, 3DF)
Batting: RHB Ralph McKnight 0-0: Called Strike
0-1: Ball
1-1: Foul Ball, location: 2F
1-2: Fly out, F9 (Flyball, 89M)
Batting: LHB Christian Blair 0-0: Ball
1-0: Called Strike
1-1: Swinging Strike
1-2: SINGLE (Flyball, 7LM)
Batting: RHB Justin Miles 0-0: Ball
1-0: Ball
2-0: Called Strike
2-1: Ball
3-1: Foul Ball, location: 2F
3-2: Foul Ball, location: 2F
3-2: Foul Ball, location: 2F
3-2: Ground out 5-3 (Groundball, 5L)
Top of the 1st over - 0 run(s), 1 hit(s), 0 error(s), 1 left on base; Belvedere Park 0 - Ottawa 0
BOTTOM OF THE 1ST
Ottawa Nationals batting - Pitching for Belvedere Park Rawhides : RHP Eric Taylor
Pitching: RHP Eric Taylor
Batting: RHB Jesús Soto 0-0: Ball
1-0: Fly out, F7 (Flyball, 7M)
Batting: RHB Barry Welch 0-0: Called Strike
0-1: Foul Ball, location: 2F
0-2: Foul Ball, location: 2F
0-2: Ball
1-2: Foul Ball, location: 2F
1-2: Ball
2-2: Foul Ball, location: 2F
2-2: Ground out 6-3 (Groundball, 6)
Batting: RHB Jack O'Brien 0-0: Foul Ball, location: 2F
0-1: SINGLE (Flyball, 8LS)
Batting: RHB Sam Horton 0-0: Swinging Strike
0-1: SINGLE (Line Drive, 7LS)
Jack O'Brien to second
Batting: RHB Stan Pierce 0-0: Ball
1-0: Ball
2-0: Ball
3-0: Called Strike
3-1: Called Strike
3-2: Foul Ball, location: 2F
3-2: Foul Ball, location: 2F
3-2: Ground out 6-3 (Groundball, 6)
Bottom of the 1st over - 0 run(s), 2 hit(s), 0 error(s), 2 left on base; Belvedere Park 0 - Ottawa 0
TOP OF THE 2ND
Belvedere Park Rawhides batting - Pitching for Ottawa Nationals : RHP Júlio Villegas
Batting: LHB Chris Henry 0-0: Ball
1-0: Ground out 4-3 (Groundball, 4)
Batting: SHB Ryan Cook 0-0: Ball
1-0: Ball
2-0: Ball
3-0: Called Strike
3-1: Called Strike
3-2: Foul Ball, location: 2F
3-2: Strikes out swinging
Batting: LHB Gustavo Vázquez 0-0: Ball
1-0: Called Strike
1-1: SINGLE (Line Drive, 6MD)
Batting: SHB Phil Moore 0-0: Ground out U3 (Groundball, 3)
Top of the 2nd over - 0 run(s), 1 hit(s), 0 error(s), 1 left on base; Belvedere Park 0 - Ottawa 0
BOTTOM OF THE 2ND
Ottawa Nationals batting - Pitching for Belvedere Park Rawhides : RHP Eric Taylor
Batting: RHB Dan Bernard 0-0: Ball
1-0: Foul Ball, location: 2F
1-1: Ball
2-1: Called Strike
2-2: Foul Ball, location: 2F
2-2: Foul Ball, location: 2F
2-2: Fly out, F2 (Popup, 2RF)
Batting: RHB Steven Poe 0-0: Fly out, F7 (Flyball, 7S)
Batting: RHB Anthony Trujillo 0-0: Ball
1-0: Called Strike
1-1: Ball
2-1: Fly out, F8 (Flyball, 8LM)
Bottom of the 2nd over - 0 run(s), 0 hit(s), 0 error(s), 0 left on base; Belvedere Park 0 - Ottawa 0
TOP OF THE 3RD
Belvedere Park Rawhides batting - Pitching for Ottawa Nationals : RHP Júlio Villegas
Batting: LHB Dinis Marcha 0-0: Ball
1-0: Called Strike
1-1: Ball
2-1: Called Strike
2-2: Foul Ball, location: 2F
2-2: Ball
3-2: Foul Ball, location: 2F
3-2: Foul Ball, location: 2F
3-2: Ground out 1-3 (Groundball, 13)
Batting: RHB Enrique Pimentel 0-0: Foul Ball, location: 2F
0-1: DOUBLE (Line Drive, 8LM)
Batting: RHB Ralph McKnight 0-0: Fly out, F6 (Popup, 6M)
Batting: LHB Christian Blair 0-0: Ground out 6-3 (Groundball, 6M)
Top of the 3rd over - 0 run(s), 1 hit(s), 0 error(s), 1 left on base; Belvedere Park 0 - Ottawa 0
BOTTOM OF THE 3RD
Ottawa Nationals batting - Pitching for Belvedere Park Rawhides : RHP Eric Taylor
Batting: RHB Ben Daniel 0-0: Ball
1-0: Called Strike
1-1: Foul Ball, location: 2F
1-2: Ball
2-2: Ball
3-2: Foul Ball, location: 2F
3-2: SINGLE (Line Drive, 5)
Batting: RHB Jesús Soto 0-0: Foul Ball, location: 2F
0-1: Called Strike
0-2: SINGLE (Flyball, 6MD)
Ben Daniel to second
Batting: RHB Barry Welch 0-0: Ball
1-0: Ball
2-0: Called Strike
Ben Daniel steals 3rd base
Jesús Soto to second
2-1: SINGLE (Line Drive, 6D)
Ben Daniel scores
Jesús Soto to third
Batting: RHB Jack O'Brien 0-0: Ball
1-0: Ball
2-0: Foul Ball, location: 2F
2-1: Ball
3-1: Foul Ball, location: 2F
3-2: Base on Balls
Barry Welch to second
Batting: RHB Sam Horton 0-0: Foul Ball, location: 2F
0-1: Foul Ball, location: 2F
0-2: Ball
1-2: Ball
2-2: Foul Ball, location: 2F
2-2: Foul Ball, location: 2F
2-2: Ball
3-2: Foul Ball, location: 2F
3-2: Fly out, F6 (Line Drive, 6M)
Batting: RHB Stan Pierce 0-0: Called Strike
0-1: Called Strike
0-2: Ball
1-2: SINGLE (Groundball, 6MD)
Jesús Soto scores
Barry Welch to third
Jack O'Brien to second
Runner from 3rd tries for Home, SAFE, throw made home
Batting: RHB Dan Bernard 0-0: Ball
1-0: Ball
2-0: Called Strike
2-1: Called Strike
2-2: Foul Ball, location: 2F
2-2: Ball
3-2: Base on Balls
Jack O'Brien to third
Stan Pierce to second
Batting: RHB Steven Poe 0-0: Ball
1-0: Ball
2-0: Fly out, F8 (Flyball, 8LXD)
Runner from 3rd tags up, SCORES, no throw
Stan Pierce to third
Batting: RHB Anthony Trujillo 0-0: SINGLE (Line Drive, 4)
Stan Pierce scores
Dan Bernard to second
Batting: RHB Ben Daniel 0-0: Ball
1-0: Fly out, F5 (Line Drive, 5S)
Bottom of the 3rd over - 5 run(s), 5 hit(s), 0 error(s), 2 left on base; Belvedere Park 0 - Ottawa 5
TOP OF THE 4TH
Belvedere Park Rawhides batting - Pitching for Ottawa Nationals : RHP Júlio Villegas
Batting: RHB Justin Miles 0-0: Swinging Strike
0-1: Swinging Strike
0-2: Ball
1-2: Strikes out looking
Batting: LHB Chris Henry 0-0: Called Strike
0-1: DOUBLE (Flyball, 78M)
Batting: SHB Ryan Cook 0-0: Swinging Strike
0-1: Fly out, F8 (Line Drive, 8RM)
Batting: LHB Gustavo Vázquez 0-0: Ball
1-0: Ground out 4-3 (Groundball, 4)
Top of the 4th over - 0 run(s), 1 hit(s), 0 error(s), 1 left on base; Belvedere Park 0 - Ottawa 5
BOTTOM OF THE 4TH
Ottawa Nationals batting - Pitching for Belvedere Park Rawhides : RHP Eric Taylor
Batting: RHB Jesús Soto 0-0: Called Strike
0-1: Called Strike
0-2: Foul Ball, location: 2F
0-2: Strikes out swinging
Batting: RHB Barry Welch 0-0: Called Strike
0-1: Fly out, F7 (Flyball, 7M)
Batting: RHB Jack O'Brien 0-0: Called Strike
0-1: Swinging Strike
0-2: Ball
1-2: Ball
2-2: Foul Ball, location: 2F
2-2: Strikes out swinging
Bottom of the 4th over - 0 run(s), 0 hit(s), 0 error(s), 0 left on base; Belvedere Park 0 - Ottawa 5
TOP OF THE 5TH
Belvedere Park Rawhides batting - Pitching for Ottawa Nationals : RHP Júlio Villegas
Batting: SHB Phil Moore 0-0: Ball
1-0: Ball
2-0: Swinging Strike
2-1: Foul Ball, location: 2F
2-2: Ball
3-2: Strikes out swinging
Batting: LHB Dinis Marcha 0-0: Called Strike
0-1: Fly out, F8 (Flyball, 8LM)
Batting: RHB Enrique Pimentel 0-0: Called Strike
0-1: Ball
1-1: Foul Ball, location: 2F
1-2: Strikes out swinging
Top of the 5th over - 0 run(s), 0 hit(s), 0 error(s), 0 left on base; Belvedere Park 0 - Ottawa 5
BOTTOM OF THE 5TH
Ottawa Nationals batting - Pitching for Belvedere Park Rawhides : RHP Eric Taylor
Batting: RHB Sam Horton 0-0: Ball
1-0: Ball
2-0: Called Strike
2-1: Foul Ball, location: 2F
2-2: SINGLE (Line Drive, 6MD)
Pitching: RHP Jim Thornton
Batting: RHB Stan Pierce 0-0: Swinging Strike
0-1: Hit by Pitch
Sam Horton to second
Batting: RHB Dan Bernard 0-0: Bunted foul
0-1: Bunted foul
0-2: Ball
1-2: Strikes out looking
Batting: RHB Steven Poe 0-0: Fly out, F5 (Popup, 5SF)
Batting: RHB Anthony Trujillo 0-0: Foul Ball, location: 2F
0-1: Called Strike
0-2: Ball
1-2: Ball
2-2: Fly out, F6 (Popup, 6M)
Bottom of the 5th over - 0 run(s), 1 hit(s), 0 error(s), 2 left on base; Belvedere Park 0 - Ottawa 5
TOP OF THE 6TH
Belvedere Park Rawhides batting - Pitching for Ottawa Nationals : RHP Júlio Villegas
Batting: RHB Ralph McKnight 0-0: Ground out 2-3 (Groundball, 25)
Batting: LHB Christian Blair 0-0: Ball
1-0: Ball
2-0: Ball
3-0: Called Strike
3-1: Fly out, F7 (Flyball, 7LS)
Batting: RHB Justin Miles 0-0: Ball
1-0: Foul Ball, location: 2F
1-1: Ball
2-1: Ball
3-1: Called Strike
3-2: Foul Ball, location: 2F
3-2: Foul Ball, location: 2F
3-2: Foul Ball, location: 2F
3-2: Strikes out looking
Top of the 6th over - 0 run(s), 0 hit(s), 0 error(s), 0 left on base; Belvedere Park 0 - Ottawa 5
BOTTOM OF THE 6TH
Ottawa Nationals batting - Pitching for Belvedere Park Rawhides : RHP Jim Thornton
Batting: RHB Ben Daniel 0-0: Foul Ball, location: 2F
0-1: Foul Ball, location: 2F
0-2: Strikes out swinging
Batting: RHB Jesús Soto 0-0: Ball
1-0: Ball
2-0: Ball
3-0: Base on Balls
Batting: RHB Barry Welch 0-0: Called Strike
0-1: Called Strike
0-2: Ball
1-2: Fly out, F9 (Flyball, 9S)
Batting: RHB Jack O'Brien 0-0: Called Strike
0-1: Fly out, F9 (Flyball, 9M)
Bottom of the 6th over - 0 run(s), 0 hit(s), 0 error(s), 1 left on base; Belvedere Park 0 - Ottawa 5
TOP OF THE 7TH
Belvedere Park Rawhides batting - Pitching for Ottawa Nationals : RHP Júlio Villegas
Batting: LHB Chris Henry 0-0: Ball
1-0: Ball
2-0: Ball
3-0: Base on Balls
Batting: SHB Ryan Cook 0-0: Ball
1-0: Called Strike
1-1: Ball
2-1: Called Strike
2-2: Foul Ball, location: 2F
2-2: Foul Ball, location: 2F
2-2: Ball
3-2: Base on Balls
Chris Henry to second
Batting: LHB Gustavo Vázquez 0-0: Called Strike
0-1: Fly out, F9 (Flyball, 9M)
Batting: SHB Phil Moore 0-0: SINGLE (Groundball, 6MD)
Chris Henry to third
Ryan Cook to second
Batting: LHB Dinis Marcha 0-0: Ball
1-0: Ball
2-0: Ball
3-0: Base on Balls
Chris Henry scores
Ryan Cook to third
Phil Moore to second
Batting: RHB Enrique Pimentel 0-0: SINGLE (Line Drive, 78M)
Ryan Cook scores
Phil Moore to third
Dinis Marcha to second
Batting: RHB Ralph McKnight 0-0: Ball
1-0: SINGLE (Line Drive, 5)
Phil Moore scores
Dinis Marcha to third
Enrique Pimentel to second
Batting: LHB Christian Blair 0-0: Ball
1-0: Ball
2-0: Ball
3-0: Base on Balls
Dinis Marcha scores
Enrique Pimentel to third
Ralph McKnight to second
Batting: RHB Justin Miles 0-0: Called Strike
0-1: Foul Ball, location: 2F
0-2: Ball
1-2: SINGLE (Groundball, 34D)
Enrique Pimentel scores
Ralph McKnight to third
Christian Blair to second
Runner from 3rd tries for Home, throw and OUT!
Batting: LHB Chris Henry 0-0: Called Strike
0-1: Called Strike
0-2: Foul Ball, location: 2F
0-2: SINGLE (Line Drive, 34)
Christian Blair to third
Justin Miles to second
Pitching: RHP Mike Lane
Pinch Hitting: RHB Travis Brumback 0-0: Called Strike
0-1: Called Strike
0-2: Ball
1-2: Ball
2-2: Strikes out swinging
Top of the 7th over - 5 run(s), 5 hit(s), 0 error(s), 3 left on base; Belvedere Park 5 - Ottawa 5
BOTTOM OF THE 7TH
Ottawa Nationals batting - Pitching for Belvedere Park Rawhides : RHP Jim Thornton
Now at 3B: Jeff Cox
Batting: RHB Sam Horton 0-0: Ball
1-0: Ball
2-0: Foul Ball, location: 2F
2-1: Called Strike
2-2: Fly out, F4 (Popup, 4D)
Batting: RHB Stan Pierce 0-0: Foul Ball, location: 2F
0-1: Foul Ball, location: 2F
0-2: Strikes out swinging
Batting: RHB Dan Bernard 0-0: Fly out, F7 (Flyball, 78M)
Bottom of the 7th over - 0 run(s), 0 hit(s), 0 error(s), 0 left on base; Belvedere Park 5 - Ottawa 5
TOP OF THE 8TH
Belvedere Park Rawhides batting - Pitching for Ottawa Nationals : RHP Mike Lane
Batting: LHB Gustavo Vázquez 0-0: Called Strike
0-1: Foul Ball, location: 2F
0-2: Ground out 4-3 (Groundball, 4)
Batting: SHB Phil Moore 0-0: Called Strike
0-1: SOLO HOME RUN (Flyball, 78XD), Distance : 407 ft
Batting: LHB Dinis Marcha 0-0: Ball
1-0: Ball
2-0: Called Strike
2-1: Ball
3-1: Base on Balls
Batting: RHB Enrique Pimentel 0-0: Swinging Strike
0-1: Ball
1-1: Called Strike
1-2: Foul Ball, location: 2F
1-2: Foul Ball, location: 2F
1-2: Ball
2-2: Ball
3-2: Grounds into double play, 5-4-3 (Groundball, 5)
Top of the 8th over - 1 run(s), 1 hit(s), 0 error(s), 0 left on base; Belvedere Park 6 - Ottawa 5
BOTTOM OF THE 8TH
Ottawa Nationals batting - Pitching for Belvedere Park Rawhides : RHP Jim Thornton
Pitching: RHP Francisco García
Batting: RHB Steven Poe 0-0: Called Strike
0-1: Fly out, F6 (Popup, 6MD)
Batting: RHB Anthony Trujillo 0-0: Foul Ball, location: 2F
0-1: SINGLE (Line Drive, 4D)
Pinch Hitting: LHB Jerry Burnett 0-0: Ball
1-0: Fly out, F7 (Popup, 7S)
Batting: RHB Jesús Soto 0-0: Ball
1-0: Called Strike
1-1: Ball
2-1: Called Strike
Anthony Trujillo is caught stealing 2nd base
Bottom of the 8th over - 0 run(s), 1 hit(s), 0 error(s), 0 left on base; Belvedere Park 6 - Ottawa 5
TOP OF THE 9TH
Belvedere Park Rawhides batting - Pitching for Ottawa Nationals : RHP Mike Lane
Pitching: RHP Albert Días
Now in RF: Jerry Burnett
Batting: RHB Ralph McKnight 0-0: Called Strike
0-1: Ball
1-1: Foul Ball, location: 2F
1-2: Strikes out swinging
Batting: LHB Christian Blair 0-0: Foul Ball, location: 2F
0-1: Ball
1-1: Ball
2-1: Ball
3-1: Swinging Strike
3-2: Base on Balls
Batting: RHB Justin Miles 0-0: Called Strike
0-1: Fielders Choice at 2nd, 1-6 (Groundball, 23)
Batting: LHB Chris Henry 0-0: Ball
1-0: Ball
2-0: Called Strike
2-1: Swinging Strike
2-2: Ball
3-2: Fly out, F6 (Popup, 6M)
Top of the 9th over - 0 run(s), 0 hit(s), 0 error(s), 1 left on base; Belvedere Park 6 - Ottawa 5
BOTTOM OF THE 9TH
Ottawa Nationals batting - Pitching for Belvedere Park Rawhides : RHP Francisco García
Pitching: RHP Tyler Rodríguez
Batting: RHB Jesús Soto 0-0: Ball
1-0: Fly out, F8 (Flyball, 8LS)
Batting: RHB Barry Welch 0-0: Called Strike
0-1: Ground out 5-3 (Groundball, 56)
Batting: RHB Jack O'Brien 0-0: Ball
1-0: Swinging Strike
1-1: Ground out 6-3 (Groundball, 6M)
Bottom of the 9th over - 0 run(s), 0 hit(s), 0 error(s), 0 left on base; Belvedere Park 6 - Ottawa 5
This league is powered by Out of the Park Baseball, the baseball management simulation game for PC, Mac and Linux
Friday, January 22nd, 2016 - OOTP Baseball 16.9 Build 39